AoeStats
← King Taco

Arabia

510184185Analyzed
1v1 RM · 2d ago on Sep 29, 2026· 38m 9s· 2 players
Game mode
Random Map
Map size
Tiny (2 player)
Population
200
Speed
Normal
Resources
Standard
Victory
Conquest
Starting age
Dark Age
Ending age
Imperial Age
RankedLock teamsTeams togetherTeam positionsShared explorationLock speedFull tech treeHidden civsTurbo modeCheats
Victory
Defeat
🇭🇰 Vietnamese · Hong Kong SAR China
1078
+14
🇲🇽 Bengalis · Mexico
1041
-14
King Taco
6:16 Loom
10:40 Feudal Age
11:50 Town Watch
12:10 Double-Bit Axe
12:07 Horse Collar
14:48 Wheelbarrow
17:28 Fletching
21:14 Castle Age
21:53 Bodkin Arrow
22:37 Bloodlines
22:27 Husbandry
31:49 Ballistics
Ragequitter5000
6:12 Loom
8:59 Feudal Age
9:46 Double-Bit Axe
15:14 Town Watch
17:56 Wheelbarrow
21:26 Castle Age
19:37 Fletching
19:38 Horse Collar
21:19 Scale Barding Armor
21:30 Forging
23:24 Bow Saw
26:02 Heavy Plow
25:53 Gold Mining
27:40 Bodkin Arrow
33:50 Hand Cart
38:35 Padded Archer Armor
Connection lost

Rejoining the realm…

Still unreachable

The connection could not be restored.

Session expired

The server has moved on; the page needs a fresh start.